 Dungeon Crawl Stone Soup version 0.24.0-37-gcf1ca852f1 (webtiles) character file.

Game seed: 3867826616276800193, levelgen mode: deterministic

65130 FishyPogo the Thaumaturge (level 15, -8/105 HPs)
             Began as a Gnoll Skald on Nov 30, 2019.
             Was the Champion of Okawaru.
             Mangled by an orc knight
             ... wielding a +2 long sword
              (26 damage)
             ... on level 2 of the Orcish Mines.
             The game lasted 01:51:15 (16198 turns).

FishyPogo the Thaumaturge (Gnoll Skald)            Turns: 16198, Time: 01:51:17

Health: -8/105     AC: 21    Str: 17    XL:     15   Next: 15%
Magic:  22/29      EV: 23    Int: 19    God:    Okawaru [******]
Gold:   2075       SH: 18    Dex: 17    Spells: 11/35 levels left

rFire    + . .     SeeInvis +   a - +10 quick blade "Ximuotis" {pierce, +Fly rElec rC- Stlth+}
rCold    x . .     Gourm    .   p - +4 shield {AC+3}
rNeg     . . .     Faith    .   N - +2 leather armour {rPois}
rPois    +         Spirit   .   O - +2 hat
rElec    +         Reflect  .   X - +2 cloak
rCorr    .         Harm     .   K - +0 pair of gloves
MR       ++++.                  T - +2 pair of boots
Stlth    +++++++...             (no amulet)
HPRegen  1.27/turn              l - ring of protection from magic
MPRegen  0.21/turn              C - ring of the Mage {Wiz MR++ Int+3}

@: heroism, regenerating, hasted, very quick
A: distributed training, fangs 1, talons 1, see invisible, fire resistance 1,
frail 1, screaming 1, strong nose
a: Heroism, Finesse, Renounce Religion, Evoke Flight


You were on level 2 of the Orcish Mines.
You worshipped Okawaru.
Okawaru was exalted by your worship.
You were not hungry.

You visited 3 branches of the dungeon, and saw 20 of its levels.
You also visited: Ice Cave.

You collected 2529 gold pieces.
You spent 454 gold pieces at shops.

Inventory:

Hand Weapons
 a - the +10 quick blade "Ximuotis" (weapon) {pierce, +Fly rElec rC- Stlth+}
   (Okawaru gifted it to you on level 4 of the Lair of Beasts)

   It inflicts extra damage upon your enemies.
   It makes you vulnerable to cold.
   It insulates you from electricity.
   It lets you fly.
   It makes you more stealthy.
 b - the +6 scimitar "Onwod" {flame, MP+9 Str+4 Int+10}
   (You bought it in a shop on level 11 of the Dungeon)

   It has been specially enchanted to burn those struck by it, causing extra
   injury to most foes and up to half again as much damage against particularly
   susceptible opponents.
   Big, fiery blades are also staple armaments of hydra-hunters.
   It affects your strength (+4).
   It affects your intelligence (+10).
   It affects your magic capacity (+9).
 A - the +8 long sword "Nounocisch" {slice, -Tele +Fly rC+}
   (You found it on level 6 of the Dungeon)

   It inflicts extra damage upon your enemies.
   It protects you from cold.
   It lets you fly.
   It prevents most forms of teleportation.
Missiles
 g - 7 javelins
 q - 33 poisoned darts (quivered)
 u - 50 boomerangs
 x - 2 throwing nets
 Z - 10 curare-tipped darts
Armour
 p - a +4 shield of protection (worn)
 K - a +0 pair of gloves (worn)
 N - a +2 leather armour of poison resistance (worn)
 O - a +2 hat (worn)
 Q - a +1 leather armour of cold resistance
 S - a +4 chain mail of poison resistance
 T - a +2 pair of boots (worn)
 X - a +2 cloak (worn)
Jewellery
 l - a ring of protection from magic (left hand)
 s - the ring "Zaob" {rN+ Dex+2}
   (You acquired it on level 6 of the Lair of Beasts)

   [ring of dexterity]

   It affects your dexterity (+2).
   It protects you from negative energy.
 C - the ring of the Mage (right hand) {Wiz MR++ Int+3}
   (You found it on level 10 of the Dungeon)

   [ring of wizardry]

   It improves your spell success rate.
   It affects your intelligence (+3).
   It affects your resistance to hostile enchantments.
 R - an uncursed ring of poison resistance
Wands
 e - a wand of disintegration (3)
 j - a wand of enslavement (4)
 F - a wand of flame (8)
 I - a wand of random effects (46)
 M - a wand of polymorph (17)
 Y - a wand of paralysis (23)
Scrolls
 f - 5 scrolls of fog
 h - 10 scrolls of identify
 k - 5 scrolls of amnesia {unknown}
 n - 6 scrolls of remove curse
 o - 13 scrolls of teleportation
 v - a scroll of summoning
 y - 3 scrolls of random uselessness {unknown}
 G - a scroll of brand weapon {unknown}
 J - a scroll of fear
 L - 2 scrolls of blinking
 P - a scroll of magic mapping
 W - a scroll of vulnerability
Potions
 c - 2 potions of brilliance {unknown}
 i - 3 potions of cancellation
 m - a potion of heal wounds
 r - a potion of berserk rage
 t - 7 potions of curing
 w - 4 potions of haste
 z - 2 potions of lignification
 B - 4 potions of might
 D - 2 potions of agility
 H - 3 potions of mutation
 V - a potion of invisibility
Comestibles
 d - 39 rations
 E - 35 chunks of flesh


   Skills:
 + Level 10.6(15.6) Fighting
 + Level 9.7(14.7) Short Blades
 + Level 9.7(14.7) Long Blades
 + Level 9.7(14.7) Axes
 + Level 9.7(14.7) Maces & Flails
 + Level 10.6(15.6) Polearms
 + Level 9.7(14.7) Staves
 + Level 9.7(14.7) Slings
 + Level 9.7(14.7) Bows
 + Level 9.7(14.7) Crossbows
 + Level 9.7(14.7) Throwing
 + Level 10.0(15.0) Armour
 + Level 10.6(15.6) Dodging
 + Level 9.7(14.7) Stealth
 + Level 9.7(14.7) Shields
 + Level 9.7(14.7) Unarmed Combat
 + Level 10.8 Spellcasting
 + Level 8.1 Conjurations
 + Level 8.1 Hexes
 + Level 9.8 Charms
 + Level 8.1 Summonings
 + Level 8.1 Necromancy
 + Level 8.1 Translocations
 + Level 8.1 Transmutations
 + Level 8.1 Fire Magic
 + Level 8.1 Ice Magic
 + Level 8.1 Air Magic
 + Level 8.1 Earth Magic
 + Level 8.1 Poison Magic
 + Level 10.5 Invocations
 + Level 9.7 Evocations


You had 11 spell levels left.
You knew the following spells:

 Your Spells              Type           Power        Failure   Level  Hunger
a - Flame Tongue          Conj/Fire      #####        1%          1    None
c - Sticky Flame          Conj/Fire      #####...     1%          4    ##.....
f - Fireball              Conj/Fire      #####.....   3%          5    ####...
h - Regeneration          Chrm/Necr      #####.....   1%          3    None
j - Conjure Flame         Conj/Fire      #####...     1%          3    None
n - Spectral Weapon       Hex/Chrm       #####...     1%          3    None
p - Shroud of Golubria    Chrm/Tloc      #####.       1%          2    None
u - Song of Slaying       Chrm           #####...     1%          2    None
y - Infusion              Chrm           ####         1%          1    None

Your spell library contained the following spells:

 Spells                   Type           Power        Failure   Level  Hunger
 Confusing Touch          Hex            #####.       1%          1    None
 Freeze                   Ice            ####         1%          1    None
 Throw Flame              Conj/Fire      #####.       1%          2    None
 Confuse                  Hex            #####...     1%          3    None
 Gell's Gravitas          Tloc           #####.....   1%          3    None
 Inner Flame              Hex/Fire       #####...     1%          3    None
 Ice Form                 Ice/Tmut       #####...     1%          4    ##.....
 Petrify                  Tmut/Erth      #####...     1%          4    ##.....
 Throw Icicle             Conj/Ice       #####...     1%          4    ##.....
 Bolt of Magma            Conj/Fire/Erth #####.....   3%          5    ####...
 Metabolic Englaciation   Hex/Ice        #####.....   3%          5    ####...
 Yara's Violent Unravell  Hex/Tmut       #####.....   3%          5    ####...
 Bolt of Cold             Conj/Ice       #####.....   17%         6    ######.
 Freezing Cloud           Conj/Ice/Air   #####.....   17%         6    ######.
 Ozocubu's Refrigeration  Ice            #####.....   17%         6    ######.
 Simulacrum               Ice/Necr       #####.....   17%         6    ######.
 Orb of Destruction       Conj           #####.....   65%         7    #######


Dungeon Overview and Level Annotations

Branches:
Dungeon (12/15)            Temple (0/1) D:5            Lair (6/6) D:9
 Shoals (0/4) Lair:2        Snake (0/4) Lair:2        Slime (0/5) Lair:5
    Orc (2/2) D:9             Elf (0/3) Orc:2         IceCv (visited)

Altars:
Fedhas
Makhleb
Okawaru
Trog
Wu Jian

Shops:
D:4 (   D:11 (*%[(   D:12 [   Orc:2 %!

Portals:
Hell: Lair:6

Annotations:
D:9 2 transporters
Orc:2 Erolcha


Innate Abilities, Weirdness & Mutations

Your experience applies equally to all skills.
You have very sharp teeth.
Your uncanny sense of smell can sniff out nearby items.
You have sharp toenails.
You have supernaturally acute eyesight. (SInv)
Your flesh is heat resistant. (rF+)
You are frail. (-10% HP)
You occasionally shout uncontrollably at your foes.


Message History

You draw out your weapon's spirit!
The orc knight no longer looks unusually strong.
The orc knight hits you with a +2 long sword!
* * * LOW HITPOINT WARNING * * *
You block the orc warrior's attack.
An orc sorcerer comes into view. It is wielding a +0 dagger.
You feel much better.
The orc knight roars a battlecry!
The orc knight goes into a battle-frenzy!
The orc warrior closely misses you. You block the orc knight's attack.
Your spectral weapon is smitten.
Your spectral weapon shares its damage with you!
* * * LOW HITPOINT WARNING * * *
You feel yourself speed up.
The orc knight hits you with a +1 glaive!
* * * LOW HITPOINT WARNING * * *
The orc sorcerer barely misses your spectral weapon.
You block the orc warrior's attack.
The orc knight hits you with a +2 long sword!!
You die...

...................## ...
......#...........#### ...
.......#.........###.## ...
......#.........###...## ...
#.#...........$###.#.#.## .#
#.. ####..........###.).#...##
..###.
#.........###.)O###...###..###
#...##....###.))##
##...###..## ##.#.#...###oo@##
##..).....# ##.....###.(o##
##)..#.... #...###.#o#
##....#.. ..# #.... ##.....#
#..... ##..#.. ##... ##)....#
##.# ##.)))#.. ## ##...#))..
##..).)...#


You could see 2 orc knights, Erolcha, an orc sorcerer, an orc warrior and a
friendly spectral +10 quick blade "Ximuotis" {pierce, +Fly rElec rC- Stlth+}.

Vanquished Creatures
  Rupert (Orc:2)
  A frost giant (IceCv)
  The ghost of Huasawuy the Grappler, a journeyman TrWz of Okawaru (Lair:3)
  Snorg (Lair:6)
  Fannar (Orc:1)
  2 hydras
  2 catoblepae
  A hell beast (Lair:6)
  3 two-headed ogres
  2 tengu warriors (D:12)
  3 orc high priests (Orc:2)
  A sun demon (Orc:2)
  Sonja (Lair:1)
  A sixfirhy (Orc:2)
  A wizard (Lair:6)
  An orc knight (Orc:2)
  2 ugly things
  An oklob plant (Lair:5)
  3 orc sorcerers (Orc:2)
  An elephant (Lair:6)
  Maurice (D:11)
  A merfolk siren (Lair:2)
  2 smoke demons
  3 black mambas
  2 orange demons (Lair:6)
  11 spiny frogs
  A torpor snail (Lair:6)
  A gargoyle (D:12)
  9 rime drakes
  9 komodo dragons
  3 red devils (Lair:6)
  5 trolls
  18 polar bears
  3 merfolk (Lair:2)
  Prince Ribbit (D:8)
  Grinder (D:3)
  17 blink frogs
  9 hippogriffs
  9 dream sheep
  2 ynoxinuls (Orc:2)
  5 wyverns
  39 yaks
  4 basilisks (Lair:5)
  A human (D:8)
  3 hogs (D:8)
  A catoblepas simulacrum (Lair:3)
  2 nagas (Lair:2)
  Edmund (D:5)
  4 wargs
  11 water moccasins
  5 hell hounds (Lair:6)
  8 porcupines
  A hydra simulacrum (Lair:3)
  3 sky beasts
  10 ice beasts
  20 orc warriors
  3 phantoms
  A black bear (D:11)
  5 ogres
  2 centaurs
  22 wolves
  10 crocodiles
  14 bullfrogs
  2 scorpions
  2 dream sheep simulacra (Lair:3)
  6 killer bees
  5 wights (D:8)
  2 electric eels (Lair:2)
  2 crimson imps
  2 bullfrog zombies
  A hippogriff simulacrum (Lair:3)
  2 quasits
  Crazy Yiuf (D:2)
  3 centaur zombies
  5 hounds
  18 orc priests
  3 centaur skeletons
  2 jellies
  10 orc wizards
  Terence (D:3)
  A bullfrog skeleton (D:9)
  Ijyb (D:3)
  2 iguanas
  4 worker ants
  A basilisk simulacrum (Lair:3)
  A hound zombie (D:5)
  7 gnolls
  A howler monkey skeleton (D:7)
  12 adders
  A shadow imp (D:11)
  An ooze (D:2)
  2 adder skeletons
  3 worms
  A dart slug (D:4)
  5 leopard geckos
  61 orcs
  8 giant cockroaches
  8 goblins
  4 hobgoblins
  15 jackals
  2 quokkas
  2 ball pythons (D:1)
  8 bats
  7 frilled lizards
  5 kobolds
  A quokka skeleton (D:4)
  10 rats
  A plant (Lair:5)
555 creatures vanquished.

Vanquished Creatures (collateral kills)
  An orc warrior (Orc:2)
  2 orc priests (Orc:2)
  2 orcs (Orc:2)
5 creatures vanquished.

Vanquished Creatures (others)
  2 polar bears (IceCv)
  An orc priest (Orc:2)
  A bush (Lair:6)
  16 fungi
  13 plants
  19 spectral weapons
52 creatures vanquished.

Grand Total: 612 creatures vanquished

Notes
Turn   | Place    | Note
-------+----------+-------------------------------------------
     0 | D:1      | FishyPogo the Gnoll Skald began the quest for the Orb.
     0 | D:1      | Reached XP level 1. HP: 20/20 MP: 6/6
    40 | D:1      | Reached XP level 2. HP: 22/26 MP: 0/7
   224 | D:1      | Reached XP level 3. HP: 26/31 MP: 9/9
   368 | D:2      | Reached skill level 5 in Spellcasting
   394 | D:2      | Reached skill level 1 in Invocations
   469 | D:2      | Learned a level 3 spell: Regeneration
   473 | D:2      | Learned a level 3 spell: Spectral Weapon
   476 | D:2      | Learned a level 2 spell: Song of Slaying
   479 | D:2      | Learned a level 2 spell: Shroud of Golubria
   508 | D:2      | Reached skill level 1 in Short Blades
   508 | D:2      | Reached skill level 1 in Long Blades
   508 | D:2      | Reached skill level 1 in Axes
   508 | D:2      | Reached skill level 1 in Maces & Flails
   508 | D:2      | Reached skill level 1 in Staves
   508 | D:2      | Reached skill level 1 in Slings
   508 | D:2      | Reached skill level 1 in Bows
   508 | D:2      | Reached skill level 1 in Crossbows
   508 | D:2      | Reached skill level 1 in Throwing
   508 | D:2      | Reached skill level 1 in Stealth
   508 | D:2      | Reached skill level 1 in Shields
   508 | D:2      | Reached skill level 1 in Unarmed Combat
   508 | D:2      | Reached skill level 1 in Evocations
   527 | D:2      | Reached XP level 4. HP: 32/38 MP: 11/11
   912 | D:2      | Found a runed translucent door.
  1022 | D:4      | Found a blossoming altar of Fedhas.
  1043 | D:4      | Reached skill level 1 in Conjurations
  1043 | D:4      | Reached skill level 1 in Hexes
  1043 | D:4      | Reached skill level 1 in Summonings
  1043 | D:4      | Reached skill level 1 in Necromancy
  1043 | D:4      | Reached skill level 1 in Translocations
  1043 | D:4      | Reached skill level 1 in Transmutations
  1043 | D:4      | Reached skill level 1 in Fire Magic
  1043 | D:4      | Reached skill level 1 in Ice Magic
  1043 | D:4      | Reached skill level 1 in Air Magic
  1043 | D:4      | Reached skill level 1 in Earth Magic
  1043 | D:4      | Reached skill level 1 in Poison Magic
  1211 | D:4      | Reached XP level 5. HP: 21/43 MP: 12/12
  1242 | D:4      | Found Tila's Antique Weapon Shoppe.
  1256 | D:5      | Entered Level 5 of the Dungeon
  1377 | D:5      | Found an iron altar of Okawaru.
  1384 | D:5      | Became a worshipper of Warmaster Okawaru
  1420 | D:5      | Noticed Edmund
  1456 | D:5      | Killed Edmund
  1456 | D:5      | Reached XP level 6. HP: 4/50 MP: 0/13
  1519 | D:5      | Got a crude chain mail
  1530 | D:5      | Identified the +0 chain mail of Dawn {rN+} (You found it on
                  | level 5 of the Dungeon)
  1602 | D:5      | Noticed a sky beast
  1660 | D:3      | Noticed Terence
  1670 | D:3      | Killed Terence
  1670 | D:3      | Reached skill level 5 in Fighting
  1670 | D:3      | Reached skill level 5 in Polearms
  1670 | D:3      | Reached skill level 5 in Dodging
  1811 | D:2      | Noticed Crazy Yiuf
  2129 | D:2      | Killed Crazy Yiuf
  2243 | D:3      | Noticed Grinder
  2252 | D:3      | Killed Grinder
  2252 | D:3      | Reached * piety under Okawaru
  2252 | D:3      | Reached XP level 7. HP: 49/56 MP: 3/15
  2328 | D:3      | Noticed Ijyb
  2337 | D:3      | Killed Ijyb
  3311 | D:5      | Found a staircase to the Ecumenical Temple.
  3316 | D:5      | Reached XP level 8. HP: 55/63 MP: 12/16
  3454 | D:5      | Reached ** piety under Okawaru
  3510 | D:5      | Noticed Eustachio
  3521 | D:5      | Noticed Eustachio
  3521 | D:5      | Eustachio changed into Eustachio the bullfrog
  3523 | D:5      | Killed Eustachio the bullfrog
  3738 | D:6      | Got a blackened long sword
  3740 | D:6      | Identified the +8 long sword "Nounocisch" {slice, -Tele
                  | +Fly rC+} (You found it on level 6 of the Dungeon)
  3850 | D:6      | Found an ornate altar of the Wu Jian Council.
  4412 | D:7      | Found a bloodstained altar of Trog.
  4753 | D:8      | Reached XP level 9. HP: 40/69 MP: 15/18
  4755 | D:8      | Reached *** piety under Okawaru
  4974 | D:8      | Noticed Prince Ribbit
  4984 | D:8      | Killed Prince Ribbit
  5219 | D:8      | Noticed a two-headed ogre
  5228 | D:8      | Killed a two-headed ogre
  5228 | D:8      | Reached **** piety under Okawaru
  5228 | D:8      | Reached skill level 5 in Armour
  5295 | D:8      | Reached skill level 5 in Invocations
  5318 | D:8      | Reached XP level 10. HP: 53/77 MP: 8/20
  5541 | D:9      | Noticed a two-headed ogre
  5615 | D:9      | Reached skill level 5 in Short Blades
  5615 | D:9      | Reached skill level 5 in Long Blades
  5615 | D:9      | Reached skill level 5 in Axes
  5615 | D:9      | Reached skill level 5 in Maces & Flails
  5615 | D:9      | Reached skill level 5 in Staves
  5615 | D:9      | Reached skill level 5 in Slings
  5615 | D:9      | Reached skill level 5 in Bows
  5615 | D:9      | Reached skill level 5 in Crossbows
  5615 | D:9      | Reached skill level 5 in Throwing
  5615 | D:9      | Reached skill level 5 in Stealth
  5615 | D:9      | Reached skill level 5 in Shields
  5615 | D:9      | Reached skill level 5 in Unarmed Combat
  5615 | D:9      | Reached skill level 5 in Evocations
  5677 | D:9      | Found a staircase to the Orcish Mines.
  5712 | D:9      | Killed a two-headed ogre
  5712 | D:9      | Reached ***** piety under Okawaru
  5720 | D:9      | Received a gift from Okawaru
  5761 | D:9      | Found a staircase to the Lair.
  5918 | D:9      | Found a transporter.
  5973 | D:9      | Found a transporter.
  6076 | D:10     | Entered Level 10 of the Dungeon
  6108 | D:10     | Noticed a two-headed ogre
  6122 | D:10     | Killed a two-headed ogre
  6148 | D:10     | Reached XP level 11. HP: 29/84 MP: 5/22
  6355 | D:10     | Reached skill level 5 in Conjurations
  6355 | D:10     | Reached skill level 5 in Hexes
  6355 | D:10     | Reached skill level 5 in Summonings
  6355 | D:10     | Reached skill level 5 in Necromancy
  6355 | D:10     | Reached skill level 5 in Translocations
  6355 | D:10     | Reached skill level 5 in Transmutations
  6355 | D:10     | Reached skill level 5 in Fire Magic
  6355 | D:10     | Reached skill level 5 in Ice Magic
  6355 | D:10     | Reached skill level 5 in Air Magic
  6355 | D:10     | Reached skill level 5 in Earth Magic
  6355 | D:10     | Reached skill level 5 in Poison Magic
  6771 | D:10     | Found the ring of the Mage {Wiz MR++ Int+3}
  6860 | D:11     | Found Ikyr's Antique Weapon Emporium.
  6894 | D:11     | Noticed a cyan ugly thing
  6903 | D:11     | Killed a cyan ugly thing
  6998 | D:11     | Found Gugoqyv's Assorted Antiques.
  7116 | D:11     | Received a gift from Okawaru
  7154 | D:11     | Found Lezupsoi's Food Boutique.
  7202 | D:11     | Noticed Maurice
  7309 | D:11     | Found Kopuut's Weapon Boutique.
  7370 | D:11     | Found Erchasupn's Antique Armour Emporium.
  7373 | D:11     | Bought a shiny buckler for 202 gold pieces
  7414 | D:11     | Killed Maurice
  7414 | D:11     | Received a gift from Okawaru
  7612 | D:12     | Found Laitem's Armour Shoppe.
  7655 | D:12     | Noticed a tengu warrior
  7655 | D:12     | Noticed a tengu warrior
  7796 | D:12     | Killed a tengu warrior
  7796 | D:12     | Received a gift from Okawaru
  7807 | D:12     | Killed a tengu warrior
  7807 | D:12     | Received a gift from Okawaru
  7893 | D:12     | Noticed a purple ugly thing
  7899 | D:12     | Killed a purple ugly thing
  7899 | D:12     | Reached XP level 12. HP: 54/93 MP: 7/24
  7964 | D:11     | Bought a fine scimitar for 252 gold pieces
  7964 | D:11     | Identified the +6 scimitar "Onwod" {flame, MP+9 Str+4
                  | Int+10} (You bought it in a shop on level 11 of the
                  | Dungeon)
  8060 | Lair:1   | Entered Level 1 of the Lair of Beasts
  8213 | Lair:1   | You fall into a shaft and drop 1 floor!
  8229 | Lair:2   | Found a staircase to the Shoals.
  8405 | Lair:1   | Noticed Sonja
  8944 | Lair:1   | Killed Sonja
  9383 | Lair:2   | Reached ****** piety under Okawaru
  9383 | Lair:2   | Received a gift from Okawaru
  9495 | Lair:2   | Received a gift from Okawaru
  9680 | Lair:2   | Found a staircase to the Snake Pit.
 10275 | Lair:3   | Learned a level 4 spell: Sticky Flame
 10279 | Lair:3   | Learned a level 3 spell: Conjure Flame
 10442 | Lair:3   | Found a runed translucent gate.
 10442 | Lair:3   | Found a runed translucent gate.
 10443 | Lair:3   | Found a runed translucent gate.
 10557 | Lair:3   | Learned a level 5 spell: Fireball
 10578 | Lair:3   | Noticed Huasawuy's ghost (journeyman TrWz)
 10676 | Lair:3   | Killed Huasawuy's ghost
 10676 | Lair:3   | Reached XP level 13. HP: 75/101 MP: 2/26
 11026 | Lair:3   | Got the ring of Zuirch {Fire}
 11036 | Lair:3   | Identified the ring of Zuirch {Fire -Tele Int+3 SInv} (You
                  | found it on level 3 of the Lair of Beasts)
 11337 | Lair:4   | Found a frozen archway.
 11390 | Lair:4   | Received a gift from Okawaru
 11400 | Lair:4   | Got a polished quick blade {god gift}
 11415 | Lair:4   | Identified the +10 quick blade "Ximuotis" {pierce, +Fly
                  | rElec rC- Stlth+} (Okawaru gifted it to you on level 4 of
                  | the Lair of Beasts)
 11418 | IceCv    | Entered an ice cave
 11431 | IceCv    | Learned a level 1 spell: Flame Tongue
 11920 | IceCv    | Noticed a frost giant
 12027 | IceCv    | Killed a frost giant
 12027 | IceCv    | Received a gift from Okawaru
 12056 | IceCv    | Identified the Handbook of Ice
 12668 | Lair:5   | Found a staircase to the Slime Pits.
 12860 | Lair:5   | Gained mutation: You have sharp toenails. [potion of
                  | mutation]
 12860 | Lair:5   | Gained mutation: Your flesh is heat resistant. (rF+)
                  | [potion of mutation]
 12860 | Lair:5   | Gained mutation: You have supernaturally acute eyesight.
                  | (SInv) [potion of mutation]
 13269 | Lair:5   | Reached skill level 10 in Spellcasting
 13294 | Lair:5   | Received a gift from Okawaru
 13294 | Lair:5   | Reached XP level 14. HP: 104/109 MP: 21/28
 13342 | Lair:5   | Identified a scroll of acquirement
 13581 | Lair:6   | Entered Level 6 of the Lair of Beasts
 13740 | Lair:6   | Reached skill level 10 in Fighting
 13740 | Lair:6   | Reached skill level 10 in Polearms
 13740 | Lair:6   | Reached skill level 10 in Dodging
 13870 | Lair:6   | Got a twitching copper ring
 13871 | Lair:6   | Identified the ring "Zaob" {rN+ Dex+2} (You acquired it on
                  | level 6 of the Lair of Beasts)
 14108 | Lair:6   | Found a burning altar of Makhleb.
 14218 | Lair:6   | Found a gateway to Hell.
 14225 | Lair:6   | Identified Vehumet's Handbook of Combat Magic
 14325 | Lair:6   | Reached skill level 10 in Invocations
 14689 | Lair:6   | Noticed Snorg
 14699 | Lair:6   | Killed Snorg
 15022 | Orc:1    | Entered Level 1 of the Orcish Mines
 15022 | Orc:1    | Noticed Fannar
 15038 | Orc:1    | Killed Fannar
 15038 | Orc:1    | Received a gift from Okawaru
 15089 | Orc:1    | You fall into a shaft and drop 1 floor!
 15089 | Orc:2    | Entered Level 2 of the Orcish Mines
 15368 | Orc:2    | Noticed Rupert
 15393 | Orc:2    | Noticed an orc warlord
 15491 | Orc:2    | Noticed Erolcha
 15605 | Orc:2    | Found a staircase to the Elven Halls.
 15646 | Orc:2    | Killed Rupert
 15936 | Orc:2    | Received a gift from Okawaru
 15938 | Orc:2    | Found Wungaj's Distillery.
 15945 | Orc:2    | Reached XP level 15. HP: 52/117 MP: 10/29
 15947 | Orc:2    | Found Meonofat's Food Shop.
 16159 | Orc:2    | Reached skill level 10 in Armour
 16171 | Orc:2    | Gained mutation: You are frail. (-10% HP) [a neqoxec]
 16178 | Orc:2    | Gained mutation: You occasionally shout uncontrollably at
                  | your foes. [a neqoxec]
 16198 | Orc:2    | Mangled by an orc knight

Levels and vault maps discovered:
D:1:      dpeg_arrival_tiny_i, layout_rooms, chequers_serial_rivers_micro_b
D:2:      layout_rooms, uniq_crazy_yiuf_cottage
D:3:      layout_rooms, uniq_ijyb, uniq_terence, uniq_grinder
D:4:      layout_basic, serial_shops, shop, first_ration, fedhas_altar_4
D:5:      minmay_polygon_palace, layout_basic, minmay_temple_entry_trees,
          okawaru_trees_1, uniq_edmund, uniq_eustachio
D:6:      layout_cave_pools, kennysheep_mini_moat
D:7:      layout_gridville, supply_closet_lemuel, trog_three_pillars_becter
D:8:      layout_basic, grunt_livestock, hangedman_decor_lopped, minivault_27,
          minmay_misc_feat_five, uniq_prince_ribbit1
D:9:      gammafunk_steamed_eel, layout_cave_pools, lair_entry_dummy, erik_orc_4
D:10:     layout_basic, minmay_misc_feat_room
D:11:     layout_gridville, serial_shops, shop, shop_fountains, shop_statue,
          shop, shop, uniq_maurice
D:12:     layout_stronghold, serial_shops, shop,
          nicolae_shop_temple_entry_statues_fountains
Lair:1:   layout_big_grid, lemuel_fruit_fields, uniq_sonja
Lair:2:   layout_chaotic_city, elwin_shoals_entry_stream,
          guppyfry_snake_entry_island, st_stairs_9, minmay_stone_trees_small,
          serial_bayou_shore_a
Lair:3:   layout_chaotic_city, gammafunk_ghost_icy
Lair:4:   layout_loops_ring, portal_ice_cave_entry_ice_beasts,
          serial_bayou_shore_b
Lair:5:   layout_gridlike, minmay_slime_entry_oklob_open, special_room
          [special_room_mythical_zoo]
Lair:6:   evil_forest, layout_loops_ring, uniq_snorg
Orc:1:    layout_diamond_mine, uniq_fannar
Orc:2:    pf_orc_diabolical, layout_caves, basic_altar, uniq_rupert,
          uniq_erolcha

Skill      XL: |  1  2  3  4  5  6  7  8  9 10 11 12 13 14 15 |
---------------+----------------------------------------------+-----
Spellcasting   | 5 6 7 8 9 10 | 10.8
Invocations    | 1 2 3 4 5 6 7 8 9 10 | 10.5
Short Blades   | 1 2 3 4 5 6 7 8 9 |  9.7
Long Blades    | 1 2 3 4 5 6 7 8 9 |  9.7
Axes           | 1 2 3 4 5 6 7 8 9 |  9.7
Maces & Flails | 1 2 3 4 5 6 7 8 9 |  9.7
Staves         | 1 2 3 4 5 6 7 8 9 |  9.7
Slings         | 1 2 3 4 5 6 7 8 9 |  9.7
Bows           | 1 2 3 4 5 6 7 8 9 |  9.7
Crossbows      | 1 2 3 4 5 6 7 8 9 |  9.7
Throwing       | 1 2 3 4 5 6 7 8 9 |  9.7
Stealth        | 1 2 3 4 5 6 7 8 9 |  9.7
Shields        | 1 2 3 4 5 6 7 8 9 |  9.7
Unarmed Combat | 1 2 3 4 5 6 7 8 9 |  9.7
Evocations     | 1 2 3 4 5 6 7 8 9 |  9.7
Conjurations   | 1 2 3 4 5 6 7 8 |  8.1
Hexes          | 1 2 3 4 5 6 7 8 |  8.1
Summonings     | 1 2 3 4 5 6 7 8 |  8.1
Necromancy     | 1 2 3 4 5 6 7 8 |  8.1
Translocations | 1 2 3 4 5 6 7 8 |  8.1
Transmutations | 1 2 3 4 5 6 7 8 |  8.1
Fire Magic     | 1 2 3 4 5 6 7 8 |  8.1
Ice Magic      | 1 2 3 4 5 6 7 8 |  8.1
Air Magic      | 1 2 3 4 5 6 7 8 |  8.1
Earth Magic    | 1 2 3 4 5 6 7 8 |  8.1
Poison Magic   | 1 2 3 4 5 6 7 8 |  8.1
Armour         | 3 4 5 6 7 8 9 10 | 10.0
Fighting       | 5 6 7 8 9 10 | 10.6
Polearms       | 5 6 7 8 9 10 | 10.6
Dodging        | 5 6 7 8 9 10 | 10.6
Charms         | 6 7 8 9 |  9.8

Action                   |  1- 3 |  4- 6 |  7- 9 | 10-12 | 13-15 || total
-------------------------+-------+-------+-------+-------+-------++-------
Melee: Spear             |   138 |   180 |       |       |       ||   318
       Bite              |    10 |    18 |    27 |    69 |   112 ||   236
       Quarterstaff      |       |     4 |    99 |       |       ||   103
       Long sword        |       |       |    80 |   361 |   154 ||   595
       Punch             |       |       |     1 |     7 |       ||     8
       Scimitar          |       |       |       |    27 |    68 ||    95
       Quick blade       |       |       |       |       |   559 ||   559
Throw: Stone             |       |     2 |     1 |     6 |       ||     9
       Dart              |       |       |       |     2 |     9 ||    11
       Boomerang         |       |       |       |    15 |     4 ||    19
 Cast: Infusion          |     3 |     9 |     6 |    24 |    10 ||    52
       Shroud of Golubri |     1 |     3 |     1 |    11 |    13 ||    29
       Regeneration      |       |     2 |     3 |    31 |    37 ||    73
       Spectral Weapon   |       |     4 |    28 |    64 |    65 ||   161
       Song of Slaying   |       |       |       |     2 |       ||     2
       Sticky Flame      |       |       |       |     4 |    11 ||    15
       Fireball          |       |       |       |     2 |     4 ||     6
       Flame Tongue      |       |       |       |       |    39 ||    39
       Conjure Flame     |       |       |       |       |    23 ||    23
Invok: Heroism           |       |       |       |     1 |     6 ||     7
       Finesse           |       |       |       |       |     3 ||     3
Evoke: Wand              |       |       |       |     1 |    13 ||    14
  Use: Scroll            |       |     1 |       |    12 |    12 ||    25
       Potion            |       |     5 |       |     2 |     5 ||    12
 Stab: Sleeping          |       |     1 |     5 |     8 |     5 ||    19
       Paralysed         |       |       |     3 |       |     2 ||     5
       Distracted        |       |       |     1 |     4 |    10 ||    15
       Confused          |       |       |       |       |     1 ||     1
  Eat: Chunk             |       |     5 |    12 |    21 |    22 ||    60
Armor: Leather armour    |    21 |    13 |       |       |    87 ||   121
       Ring mail         |       |    13 |    72 |   148 |    12 ||   245
       Skin              |       |     1 |       |       |       ||     1
Dodge: Dodged            |    80 |   101 |   155 |   270 |   332 ||   938
Block: Buckler           |       |       |       |    80 |    88 ||   168
       Reflection        |       |       |       |     3 |       ||     3
       Shield            |       |       |       |       |   256 ||   256
       Rpst.: Long sword |       |       |    23 |    72 |    34 ||   129
       Scimitar          |       |       |       |     1 |    11 ||    12
